 Dungeon Crawl Stone Soup version 0.23.0 (webtiles) character file.

Game seed: 1706372226579993420

30 Laan the Caller (level 3, -3/24 HPs)
             Began as a Mummy Summoner on Feb 12, 2019.
             Slain by Sigmund
             ... wielding a +0 scythe
              (11 damage)
             ... on level 2 of the Dungeon.
             The game lasted 00:04:44 (1991 turns).

Laan the Caller (Mummy Summoner)                    Turns: 1991, Time: 00:04:45

Health: -3/24      AC:  4    Str: 11    XL:     3   Next: 5%
Magic:  3/7        EV: 12    Int: 15    God:
Gold:   26         SH:  0    Dex: 12    Spells: 5/8 levels left

rFire    x . .     SeeInvis .   d - +0 short sword
rCold    + . .     Gourm    .   (no shield)
rNeg     + + +     Faith    .   a - +0 robe
rPois    ∞         Spirit   .   b - +0 helmet
rElec    .         Reflect  .   (no cloak)
rCorr    .         Harm     .   (no gloves)
MR       .....                  g - +0 pair of boots
Stlth    ++........             (no amulet)
HPRegen  0.08/turn              (no ring)
MPRegen  0.10/turn              (no ring)

@: no status effects
A: no food or potions, fire vulnerability, cold resistance 1, negative energy
resistance 3, torment resistance, unbreathing
a: no special abilities


You were on level 2 of the Dungeon.
You were not hungry.

You visited 1 branch of the dungeon, and saw 2 of its levels.

You collected 26 gold pieces.

Inventory:

Hand Weapons
 c - a +0 dagger
 d - a +0 short sword (weapon)
Armour
 a - a +0 robe (worn)
 b - a +0 helmet (worn)
 g - a +0 pair of boots (worn)
Scrolls
 e - a scroll of identify {unknown}
 f - a scroll of fear {unknown}


   Skills:
 - Level 1.5 Dodging
 - Level 1.5 Stealth
 - Level 3.3 Spellcasting
 * Level 3.9 Summonings


You had 5 spell levels left.
You knew the following spells:

 Your Spells              Type           Power        Failure   Level  Hunger
a - Summon Small Mammal   Summ           ##..         3%          1    N/A
b - Call Imp              Summ           ##......     6%          2    N/A

Your spell library contained the following spells:

 Spells                   Type           Power        Failure   Level  Hunger
 Call Canine Familiar     Summ           ##......     12%         3    N/A
 Summon Guardian Golem    Hex/Summ       #.......     26%         3    N/A
 Summon Ice Beast         Ice/Summ       #.......     65%         4    N/A
 Summon Lightning Spire   Summ/Air       #.......     65%         4    N/A

Dungeon Overview and Level Annotations

Branches:
Dungeon (2/15)

Altars:

Annotations:
D:2 Sigmund


Innate Abilities, Weirdness & Mutations

You do not eat or drink.
Your flesh is vulnerable to fire.
You are immune to poison.
Your flesh is cold resistant. (rC+)
You are immune to negative energy. (rN+++)
You are immune to unholy pain and torment.
You can survive without breathing.


Message History

Something tries to affect you, but you resist.
You climb upwards.
Reactivating autopickup.
There is a stone staircase leading down here.
You start resting.
HP restored.
You climb downwards.
Level annotation: Sigmund Sigmund gestures at you while chanting.
The puff of flame hits you! The fire burns you terribly!
Ouch! That really hurt!
There is a stone staircase leading up here.
Casting: Summon Small Mammal (safe; 3% risk of failure)
Confirm with . or Enter, or press ? or * to list all spells.
A beastly little devil appears in a puff of flame.
Casting: Call Imp (safe; 6% risk of failure)
Confirm with . or Enter, or press ? or * to list all spells.
A beastly little devil appears in a puff of frigid air.
Sigmund hits you from afar with a +0 scythe!
You die...

..#..#.#..........#
..##.#.#..........#
..##...#.....#<.#.#
..###..#.###.#.##.# ..
#####..#..........####.##
.........###.#...........
.....)>....#..55@....#.#.
.........#.###....##.#
.........#.# #..@....#
.........# # #.####..#
....###### #.# ..# ....#
#.# .# ....# .# ##### #


You could see Sigmund, a friendly crimson imp and a friendly white imp.

Vanquished Creatures
  A leopard gecko (D:1)
  A bat (D:1)
  A hobgoblin (D:1)
  A frilled lizard (D:1)
  3 kobolds (D:1)
  A rat (D:1)
8 creatures vanquished.

Vanquished Creatures (collateral kills)
  A gnoll (D:1)
  A worm (D:2)
  A dart slug (D:1)
  A leopard gecko (D:1)
  A giant cockroach (D:1)
  3 hobgoblins (D:1)
  3 bats (D:1)
  3 goblins
  3 kobolds (D:1)
17 creatures vanquished.

Grand Total: 25 creatures vanquished

Notes
Turn   | Place    | Note
-------+----------+-------------------------------------------
     0 | D:1      | Laan the Mummy Summoner began the quest for the Orb.
     0 | D:1      | Reached XP level 1. HP: 13/13 MP: 4/4
   607 | D:1      | Reached XP level 2. HP: 13/19 MP: 0/6
  1187 | D:1      | Learned a level 2 spell: Call Imp
  1524 | D:2      | Reached XP level 3. HP: 24/24 MP: 1/7
  1647 | D:2      | Noticed Sigmund
  1991 | D:2      | Slain by Sigmund

Skill      XL: |  1 |
---------------+----+-----
Spellcasting   | 3 |  3.3
Dodging        | |  1.5
Stealth        | |  1.5
Summonings     | |  3.9

Action                   || total
-------------------------++-------
Melee: Dagger            ||    21
       Short sword       ||    23
 Cast: Summon Small Mamm ||    45
       Call Imp          ||    14
Armor: Robe              ||    14
Dodge: Dodged            ||    44
